Map: Backwater LE

Players

SpeCial - Winner!

  • Race: Terran Terran
  • Spawn Location: 5:00

uThermal

  • Race: Terran Terran
  • Spawn Location: 11:00

Event: WCS Leipzig 2018

VOD

Have the link to the VOD?

Description

Time

  • Played on: Jan. 27, 2018, 9:21 a.m.
  • Length: 6:30

All games in this series

Show
View Real Time Build Order
Export as new Build Order

SpeCial Terran - Winner!

Build Orders: 1/1/1, Banshee Rush 

Get SALT Encoding   

  12  0:00  SCV  
  13  0:12  SCV  
  14  0:17  Supply Depot  
  14  0:24  SCV  
  14  0:27  Refinery  
  15  0:39  SCV  
  16  0:45  Barracks  
  16  0:51  SCV  
  16  0:55  Refinery  
  17  1:03  SCV  
  18  1:15  SCV  
  20  1:33  Orbital Command, Factory  
  20  1:35  Reaper  
  20  1:46  Supply Depot  
  20  1:59  SCV  
  21  2:07  Reaper  
  22  2:11  SCV  
  22  2:17  Hellion  
  22  2:21  Starport  
  24  2:24  SCV  
  25  2:36  SCV  
  23  2:40  Hellion  
  25  2:48  SCV  
  25  2:58  Starport Tech Lab  
  25  3:00  Marine  
  25  3:02  Hellion  
  28  3:05  Supply Depot  
  28  3:06  SCV  
  29  3:16  Cloaking Field  
  29  3:26  SCV  
  29  3:27  Banshee  
  35  3:34  Cyclone  
  35  3:40  Supply Depot  
  35  3:43  SCV  
  35  3:46  Barracks Reactor  
  36  3:55  SCV  
  37  4:09  Banshee  
  37  4:10  SCV  
  41  4:21  Command Center  
  41  4:26  SCV  
  41  4:29  Supply Depot  
  42  4:37  Cyclone  
  45  4:39  SCV  
  46  4:51  SCV, Cyclone  
  50  4:57  Banshee  
  53  5:04  Supply Depot  
  53  5:08  SCV  
  54  5:20  SCV  
  55  5:26  Cyclone  
  55  5:27  Cyclone  
  61  5:32  SCV  
  62  5:44  SCV  
  63  5:54  Orbital Command  
  63  5:56  SCV  
  70  6:08  SCV  
Show
View Real Time Build Order
Export as new Build Order

uThermal Terran 

Build Orders:  

Get SALT Encoding   

  12  0:02  SCV  
  13  0:14  Supply Depot  
  13  0:17  SCV  
  14  0:36  Barracks  
  14  0:40  Refinery  
  14  0:55  Barracks  
  14  0:59  SCV  
  15  1:11  SCV  
  16  1:23  Reaper  
  16  1:25  Orbital Command  
  17  1:33  Refinery  
  17  1:42  Reaper  
  18  1:59  Supply Depot  
  18  2:00  Reaper  
  19  2:03  SCV  
  20  2:14  Reaper  
  20  2:15  SCV  
  21  2:27  SCV  
  22  2:40  SCV, Reaper  
  21  2:52  Reaper  
  21  2:53  SCV  
  21  2:55  Factory  
  21  2:56  Supply Depot  
  23  3:05  SCV  
  23  3:12  Reaper  
  25  3:18  SCV  
  26  3:33  SCV  
  27  3:35  Command Center  
  27  3:43  Starport, Cyclone  
  27  3:45  SCV  
  31  3:55  Engineering Bay  
  31  3:58  SCV  
  32  4:10  SCV  
  32  4:15  Cyclone  
  36  4:20  Viking  
  38  4:26  Missile Turret  
  38  4:35  SCV  
  39  4:47  Cyclone  
  39  4:48  Orbital Command  
  41  5:02  SCV  
  41  5:06  Missile Turret, Starport Tech Lab  
  42  5:13  Orbital Command  
  40  5:14  SCV  
  41  5:24  Raven  
  41  5:26  SCV  
  44  5:33  Cyclone  
  47  5:39  SCV  
  47  5:41  SCV  
  47  5:42  Refinery  
  49  5:49  Barracks Reactor  
  49  5:51  SCV  
  49  5:53  SCV  
  49  5:56  Refinery  
  51  6:03  SCV  
  52  6:05  SCV  
  52  6:15  SCV  
  52  6:17  SCV  
Tags
 
Add a new tag
Caveats
  • Supply blocks, unpowered buildings, or Contaminate may cause inaccurate times.
  • Supply counts are checked every 10 seconds.